Map: Orbital Shipyard

Players

esdraelon - Winner!

  • Race: Zerg Zerg
  • League: Grandmaster

SticklerMac

  • Race: Zerg Zerg
  • League: Grandmaster

VOD

Have the link to the VOD?

Description

Time

  • Played on: July 18, 2015, 3:52 p.m.
  • Length: 5:18
Show
View Real Time Build Order
Export as new Build Order

esdraelon Zerg - Winner!

Build Orders: Pool First 

Get SALT Encoding   

  12  0:01  Drone  
  13  0:11  Drone  
  14  0:17  Overlord  
  14  0:22  Extractor  
  14  0:23  Drone  
  14  0:40  Spawning Pool  
  13  0:43  Drone  
  13  0:48  Drone  
  15  0:52  Drone  
  16  0:57  Drone  
  17  1:08  Overlord  
  17  1:26  Queen  
  17  1:28  Metabolic Boost  
  17  1:30  Zergling x2  
  20  1:33  Zergling x2  
  21  1:40  Zergling x2  
  22  1:49  Zergling x2  
  23  2:06  Zergling x2  
  24  2:12  Overlord  
  24  2:22  Zergling x2  
  25  2:26  Hatchery  
  24  2:32  Zergling x2  
  25  2:39  Zergling x6  
  25  2:40  Zergling x2  
  29  2:50  Zergling x2  
  30  3:08  Zergling x2  
  28  3:28  Zergling x8  
  30  3:40  Zergling x6  
  30  3:41  Zergling x4  
  34  3:42  Queen  
  29  4:12  Zergling x2  
  29  4:13  Zergling x18  
  38  4:32  Overlord x2  
Show
View Real Time Build Order
Export as new Build Order

SticklerMac Zerg 

Build Orders: 3 Hatch before Pool 

Get SALT Encoding   

  12  0:00  Drone  
  13  0:12  Drone  
  14  0:17  Overlord  
  14  0:42  Hatchery  
  14  0:45  Drone  
  14  0:49  Drone  
  15  0:55  Drone  
  16  0:57  Drone  
  17  1:21  Hatchery  
  16  1:34  Spawning Pool  
  16  1:37  Drone  
  16  1:40  Drone  
  16  1:45  Drone  
  18  1:48  Drone  
  19  1:54  Drone  
  19  2:00  Drone  
  21  2:03  Extractor  
  21  2:07  Drone  
  21  2:10  Drone  
  22  2:16  Drone  
  22  2:21  Queen  
  25  2:25  Queen  
  27  2:30  Zergling x2  
  27  2:34  Zergling x4  
  27  2:36  Zergling x2  
  31  2:39  Zergling x2  
  31  2:43  Zergling x2  
  33  2:47  Zergling x2  
  34  2:58  Overlord x2  
  34  3:04  Metabolic Boost  
  34  3:08  Overlord  
  30  3:19  Zergling x2  
  30  3:20  Zergling x4  
  30  3:25  Zergling x4  
  29  3:32  Zergling x6  
  21  3:36  Zergling x2  
  16  3:48  Zergling x2  
  15  3:53  Drone  
  2  4:30  Drone  
Tags
 
Add a new tag
Caveats
  • Supply blocks, unpowered buildings, or Contaminate may cause inaccurate times.
  • Supply counts are checked every 10 seconds.